 Dungeon Crawl Stone Soup version 0.20-a0-309-gcba9277 (webtiles) character file.

81 Deathtrap2010 the Slasher (level 4, -7/35 HPs)
             Began as a Human Berserker on Dec 19, 2016.
             Was an Initiate of Ru.
             Mangled by a polar bear (10 damage)
             ... created by the rage of Trog
             ... on level 3 of the Dungeon.
             The game lasted 00:18:18 (1179 turns).

Deathtrap2010 the Slasher (Human Berserker)         Turns: 1179, Time: 00:18:18

Health: -7/35      AC:  7    Str: 18      XL:     4   Next: 68%
Magic:  4/4        EV: 11    Int:  7      God:    Ru [......]
Gold:   181        SH:  0    Dex: 12 (13) Spells: 4/4 levels left

rFire  x . .     SeeInvis .     a - +3 falchion
rCold  + . .     Gourm    .     f - +1 ring mail
rNeg   . . .     Faith    .     (no shield)
rPois  .         Spirit   .     l - +0 helmet
rElec  .         Reflect  .     (no cloak)
rCorr  .         Harm     .     (no gloves)
MR     .....                    (no boots)
Stlth  +.........               (no amulet)
                                (no ring)
                                e - ring of ice

@: no status effects
A: hooves 1, deterioration 1
a: Renounce Religion


You were on level 3 of the Dungeon.
You worshipped Ru.
Ru was noncommittal.
You were not hungry.

You visited 1 branch of the dungeon, and saw 3 of its levels.

You collected 181 gold pieces.

Inventory:

Hand Weapons
 a - a +3 falchion (weapon)
Missiles
 i - 43 stones (quivered)
 j - 3 tomahawks
Armour
 b - a +0 animal skin
 d - a +0 robe
 f - a +1 ring mail (worn)
 l - a +0 helmet (worn)
Jewellery
 e - a ring of ice (left hand)
Scrolls
 h - a scroll of recharging
 n - a scroll of remove curse {unknown}
Potions
 k - 3 potions of curing
Comestibles
 c - 3 bread rations
 g - 2 meat rations
 m - a beef jerky


   Skills:
 + Level 3.2 Fighting
 + Level 3.9 Long Blades
 * Level 0.8 Throwing
 + Level 2.4 Armour
 + Level 2.4 Dodging
 * Level 0.7 Stealth
 * Level 0.6 Unarmed Combat
 * Level 0.5 Spellcasting


You had 4 spell levels left.
You didn't know any spells.

Dungeon Overview and Level Annotations

Branches:
Dungeon (3/15)

Altars:
Gozag
Nemelex Xobeh
Ru
Vehumet


Innate Abilities, Weirdness & Mutations

You have large cloven feet.
Your body sometimes deteriorates upon taking damage.


Message History

The dart slug bites you but does no damage.
You hit the dart slug.
The dart slug is almost dead.
The dart slug closely misses you.
You riposte.
You slash the dart slug!
You kill the dart slug!
k - 3 potions of curing (gained 1) Trog sends monsters to punish you. 4 polar bears and a black bear come into view.
You see here a stone.
You hit the polar bear but do no damage.
The polar bear bites you. The polar bear claws you. The polar bear misses you.
The polar bear bites you! The polar bear misses you.
The polar bear barely misses you. The polar bear bites you.
Your body deteriorates!
You feel clumsy. The polar bear claws you.
* * * LOW HITPOINT WARNING * * *
The polar bear claws you.
* * * LOW HITPOINT WARNING * * *
The polar bear bites you!
You die...

### ..# #.# #.#
##.## ##...##
#.....#######
#####
#hh.........#
....#
#h@h..#####.#
###.# #.(†.## #.#
###.# #h#.##
#.### >...#
.....# #...#
##..# ..(#.###
###.#
##..#######.....#
#######.#####
#.............|.#
.............
#.##...##.......
#######.##### #.
#...# ... ... #.#


You could see 4 polar bears and a black bear (berserk).

Vanquished Creatures
  3 adders (D:2)
  An ooze (D:1)
  A worm (D:3)
  2 dart slugs
  A ball python (D:2)
  6 bats
  3 giant cockroaches
  7 goblins
  3 hobgoblins
  A frilled lizard (D:2)
  4 kobolds
  14 rats
46 creatures vanquished.

Notes
Turn   | Place    | Note
-------+----------+-------------------------------------------
     0 | D:1      | Deathtrap2010 the Human Berserker began the quest for the Orb.
     0 | D:1      | Reached XP level 1. HP: 18/18 MP: 1/1
    58 | D:1      | Reached XP level 2. HP: 14/24 MP: 2/2
   405 | D:1      | Reached XP level 3. HP: 23/29 MP: 3/3
   501 | D:1      | Reached ** piety under Trog
   538 | D:1      | Gained mutation: Your body sometimes deteriorates upon taking damage. [potion of mutation]
   538 | D:1      | Gained mutation: You have large cloven feet. [potion of mutation]
   711 | D:2      | Reached XP level 4. HP: 16/35 MP: 4/4
   780 | D:2      | Found a sparkling altar of Nemelex Xobeh.
   966 | D:2      | Found a sacrificial altar of Ru.
   973 | D:2      | Found an opulent altar of Gozag.
   982 | D:2      | Found a radiant altar of Vehumet.
   994 | D:2      | Fell from the grace of Trog
   994 | D:2      | Became a worshipper of Ru the Awakened
  1178 | D:3      | Noticed a black bear
  1178 | D:3      | Noticed a polar bear
  1178 | D:3      | Noticed a polar bear
  1178 | D:3      | Noticed a polar bear
  1178 | D:3      | Noticed a polar bear
  1179 | D:3      | Mangled by a polar bear

Vault maps used:
D:1:      minmay_arrival_jagged, minmay_rat_gold_closets
D:2:      nemelex_altar_shiori, lemuel_round_altar,
          grunt_temple_overflow_diamond

Action                   |  1- 3 |  4- 6 || total
-------------------------+-------+-------++-------
Melee: Falchion          |    86 |    33 ||   119
       Kick              |     9 |     7 ||    16
Throw: Stone             |       |     6 ||     6
  Use: Scroll            |     8 |     1 ||     9
       Potion            |     4 |     2 ||     6
 Stab: Sleeping          |     2 |       ||     2
  Eat: Bread ration      |       |     1 ||     1
Armor: Ring mail         |    23 |    20 ||    43
Dodge: Dodged            |    60 |    26 ||    86
       Rpst.: Falchion   |    17 |     8 ||    25
